 Dungeon Crawl Stone Soup version 0.23.2-40-g277498a001 (webtiles) character file.

Game seed: 8902367115007927900

65373 Melior the Thaumaturge (level 15, -13/115 HPs)
             Began as a Gnoll Wizard on Sept 8, 2019.
             Was the Champion of Vehumet.
             Mangled by a sun demon (19 damage)
             ... summoned by an orc sorcerer
             ... on level 1 of the Orcish Mines on Sept 9, 2019.
             The game lasted 02:11:37 (21934 turns).

Melior the Thaumaturge (Gnoll Wizard)              Turns: 21934, Time: 02:11:37

Health: -13/115    AC: 14    Str: 11    XL:     15   Next: 16%
Magic:  28/30      EV: 20    Int: 32    God:    Vehumet [******]
Gold:   1178       SH:  7    Dex: 16    Spells: 7/37 levels left

rFire    . . .     SeeInvis .   I - +10 war axe of the Wraith {drain, +Rage rC+++ MR+ Dex+2}
rCold    + + +     Gourm    .   S - +0 buckler {rC+}
rNeg     . . .     Faith    .   Q - +0 steam dragon scales
rPois    .         Spirit   .   X - +2 hat {Int+3}
rElec    .         Reflect  .   o - +2 cloak
rCorr    .         Harm     .   E - +0 pair of gloves
MR       ++...                  (no boots)
Stlth    +++++.....             (no amulet)
HPRegen  0.29/turn              f - +4 ring of intelligence
MPRegen  0.22/turn              r - ring of wizardry

@: studying Ice Magic
A: distributed training, fangs 1, strong nose
a: Renounce Religion, Evoke Berserk Rage


You were on level 1 of the Orcish Mines.
You worshipped Vehumet.
Vehumet was exalted by your worship.
You were not hungry.

You visited 3 branches of the dungeon, and saw 19 of its levels.
You also visited: Ice Cave.

You collected 1397 gold pieces.
You spent 219 gold pieces at shops.

Inventory:

Hand Weapons
 b - a +0 demon whip of electrocution
 I - the +10 war axe of the Wraith (weapon) {drain, +Rage rC+++ MR+ Dex+2}
   (You found it on level 9 of the Dungeon)

   A truly terrible weapon, it drains the life of those it strikes.
   It affects your dexterity (+2).
   It renders you almost immune to cold.
   It affects your resistance to hostile enchantments.
   It lets you go berserk.
Missiles
 s - 14 tomahawks of dispersal
 G - 14 javelins (quivered)
Armour
 o - a +2 cloak (worn)
 E - a +0 pair of gloves (worn)
 Q - +0 steam dragon scales (worn)
 S - a +0 buckler of cold resistance (worn)
 X - a +2 hat of intelligence (worn)
Jewellery
 f - a +4 ring of intelligence (left hand)
 r - a ring of wizardry (right hand)
 K - an uncursed ring of protection from fire
 P - an uncursed ring of protection from magic
Wands
 j - a wand of iceblast (31)
 z - a wand of flame (20)
 J - a wand of clouds (4)
 O - a wand of digging (6)
 U - a wand of disintegration (9)
Scrolls
 c - 3 scrolls of fear
 e - 3 scrolls of teleportation
 g - 8 scrolls of remove curse
 p - 2 scrolls of immolation
 q - 4 scrolls of magic mapping
 w - 2 scrolls of enchant armour
 y - 2 scrolls of brand weapon
 H - 4 scrolls of enchant weapon
 M - 5 scrolls of fog
 N - a scroll of holy word
 T - a scroll of summoning {unknown}
 V - a scroll of blinking {unknown}
 W - a scroll of amnesia
Potions
 a - 7 potions of flight
 h - a potion of cancellation
 l - 7 potions of agility
 m - 4 potions of haste
 n - 6 potions of heal wounds
 t - 2 potions of lignification
 u - 3 potions of might
 v - 9 potions of curing
 x - 3 potions of invisibility
 A - 2 potions of magic
 B - 2 potions of mutation
 C - 2 potions of ambrosia
 D - 2 potions of brilliance
 R - a potion of resistance
Books
 k - a manual of Ice Magic
 F - a manual of Ice Magic
Miscellaneous
 L - a lightning rod (4/4)
Comestibles
 d - 49 rations
 i - 11 chunks of flesh


   Skills:
 + Level 9.7 Fighting
 + Level 9.7 Short Blades
 + Level 9.7 Long Blades
 + Level 9.7 Axes
 + Level 9.7 Maces & Flails
 + Level 9.7 Polearms
 + Level 9.7 Staves
 + Level 9.7 Slings
 + Level 9.7 Bows
 + Level 9.7 Crossbows
 + Level 9.7 Throwing
 + Level 9.7 Armour
 + Level 10.6 Dodging
 + Level 10.5 Stealth
 + Level 9.7 Shields
 + Level 9.7 Unarmed Combat
 + Level 11.8 Spellcasting
 + Level 8.4 Conjurations
 + Level 8.1 Hexes
 + Level 8.1 Charms
 + Level 8.4 Summonings
 + Level 8.1 Necromancy
 + Level 8.4 Translocations
 + Level 8.1 Transmutations
 + Level 8.1 Fire Magic
 + Level 8.7 Ice Magic
 + Level 8.1 Air Magic
 + Level 8.1 Earth Magic
 + Level 8.1 Poison Magic
 + Level 10.5 Invocations
 + Level 9.7 Evocations


You had 7 spell levels left.
You knew the following spells:

 Your Spells              Type           Power        Failure   Level  Hunger
a - Stone Arrow           Conj/Erth      ######       1%          3    None
b - Blink                 Tloc           N/A          1%          2    None
c - Summon Lightning Spi  Summ/Air       ######..     1%          4    None
d - Fireball              Conj/Fire      ######....   1%          5    ##.....
e - Mephitic Cloud        Conj/Pois/Air  ######..     1%          3    None
f - Ignite Poison         Fire/Tmut/Pois ######..     1%          3    None
g - Orb of Destruction    Conj           ######....   8%          7    ######.
r - Regeneration          Chrm/Necr      ######....   1%          3    None

Your spell library contained the following spells:

 Spells                   Type           Power        Failure   Level  Hunger
 Conjure Ball Lightning   Conj/Air       ######....   1%          6    ####...
 Animate Skeleton         Necr           N/A          1%          1    None
 Beastly Appendage        Tmut           ######       1%          1    None
 Confusing Touch          Hex            ######       1%          1    None
 Flame Tongue             Conj/Fire      #####        1%          1    None
 Magic Dart               Conj           ####         1%          1    None
 Pain                     Necr           ####         1%          1    None
 Summon Small Mammal      Summ           ####         1%          1    None
 Call Imp                 Summ           ######..     1%          2    None
 Slow                     Hex            ######..     1%          2    None
 Sticks to Snakes         Tmut           ######..     1%          2    None
 Throw Flame              Conj/Fire      ######       1%          2    None
 Call Canine Familiar     Summ           ######..     1%          3    None
 Confuse                  Hex            ######..     1%          3    None
 Conjure Flame            Conj/Fire      ######..     1%          3    None
 Gell's Gravitas          Tloc           ######....   1%          3    None
 Inner Flame              Hex/Fire       ######..     1%          3    None
 Spider Form              Tmut/Pois      ######....   1%          3    None
 Summon Guardian Golem    Hex/Summ       ######..     1%          3    None
 Vampiric Draining        Necr           ######....   1%          3    None
 Animate Dead             Necr           N/A          1%          4    None
 Ice Form                 Ice/Tmut       ######..     1%          4    None
 Petrify                  Tmut/Erth      ######..     1%          4    None
 Sticky Flame             Conj/Fire      ######..     1%          4    None
 Summon Ice Beast         Ice/Summ       ######..     1%          4    None
 Blade Hands              Tmut           ######....   1%          5    ##.....
 Bolt of Magma            Conj/Fire/Erth ######....   1%          5    ##.....
 Irradiate                Conj/Tmut      ######....   1%          5    ##.....
 Iskenderun's Battlesphe  Conj/Chrm      ######..     1%          5    ##.....
 Metabolic Englaciation   Hex/Ice        ######....   1%          5    ##.....
 Venom Bolt               Conj/Pois      ######....   1%          5    ##.....
 Yara's Violent Unravell  Hex/Tmut       ######....   1%          5    ##.....
 Iron Shot                Conj/Erth      ######....   1%          6    ####...
 Hydra Form               Tmut           ######....   6%          6    ####...
 Statue Form              Tmut/Erth      ######...    6%          6    ####...
 Spellforged Servitor     Conj/Summ      ######....   8%          7    ######.
 Malign Gateway           Summ/Tloc      ######....   26%         7    ######.
 Dragon Form              Tmut           ######....   28%         7    ######.


Dungeon Overview and Level Annotations

Branches:
Dungeon (12/15)            Temple (0/1) D:4            Lair (6/6) D:9
 Shoals (0/4) Lair:4       Spider (0/4) Lair:2        Slime (0/5) Lair:5
    Orc (1/2) D:12

Altars:
Cheibriados
Dithmenos
Elyvilon
Gozag
Hepliaklqana
Kikubaaqudgha
Makhleb
Okawaru
Sif Muna
Trog
Vehumet
Wu Jian
Xom
Zin
Beogh
Jiyva

Shops:
D:5 *   D:7 [   D:9 ?%*   D:11 :   D:12 [


Innate Abilities, Weirdness & Mutations

Your experience applies equally to all skills.
You have very sharp teeth.
Your uncanny sense of smell can sniff out nearby items.


Message History

The orc hits you but does no damage. x2
An orc priest comes into view. It is wielding a +0 dagger.
The orc hits you but does no damage.
An orc comes into view. It is wielding a +0 club.
The sun demon hits you.
You are engulfed in flames!
The orc hits you but does no damage.
The orc sorcerer hits you but does no damage.
The orc hits you but does no damage. The sun demon hits you!!
You are engulfed in flames!
The orc warrior hits you with a +0 short sword.
* * * LOW HITPOINT WARNING * * *
The orc barely misses you. The orc hits you but does no damage. x2
The orc sorcerer gestures wildly while chanting.
The orc hits you but does no damage. The sun demon hits you!
* * * LOW HITPOINT WARNING * * *
You are engulfed in flames!
* * * LOW HITPOINT WARNING * * *
You can move again.
The orc warrior barely misses you. The orc misses you. The sun demon hits you!!
You die...

.......## ## ..
........##.##..
.............#.
...............
.$........$.$..
...............
......$o)......
....4.o@oo.....
......3ooo.....
...#..(3.......
. .....o.(.....
...#...o...#...
#. #...#o... .>
# ##.. #.#.. .
##. .....


You could see a sun demon, a neqoxec, a chaos spawn, an orc sorcerer, an orc
warrior, an orc priest and 7 orcs.

Vanquished Creatures
  Kirke (D:12)
  5 dire elephants (Lair:6)
  Harold (D:7)
  A catoblepas (Lair:4)
  8 hydras
  An anaconda (Lair:6)
  6 death yaks
  A two-headed ogre (D:9)
  Urug (D:11)
  The ghost of Jabberih the Cleaver, a novice MiBe of Trog (D:7)
  An unseen horror (D:12)
  A necromancer (IceCv)
  Pikel (D:6)
  An ugly thing (D:11)
  2 orc knights (D:12)
  2 cyclopes
  17 elephants
  A manticore (Lair:3)
  An orc sorcerer (Orc:1)
  4 black mambas
  An ice statue (IceCv)
  3 spiny frogs
  4 komodo dragons
  2 rime drakes
  8 freezing wraiths (IceCv)
  6 trolls
  3 meliai (Lair:4)
  2 queen bees
  A polar bear (Lair:5)
  19 blink frogs
  10 hippogriffs
  A wolf spider simulacrum (IceCv)
  3 redbacks (Lair:2)
  A wraith (D:10)
  31 yaks
  3 basilisks
  4 wyverns
  A steam dragon (Lair:3)
  2 death yak simulacra (IceCv)
  A hungry ghost (D:10)
  3 hogs (D:12)
  2 vampire mosquitoes (D:12)
  13 water moccasins
  Duvessa (D:6)
  7 porcupines
  A black bear (Lair:5)
  12 orc warriors
  An eye of draining (D:4)
  7 ogres
  4 sky beasts
  18 ice beasts
  7 centaurs
  3 phantoms
  18 wolves
  15 crocodiles
  Blork the orc (D:5)
  2 big kobolds
  10 bullfrogs
  3 scorpions
  Dowan (D:6)
  A water moccasin skeleton (D:5)
  55 killer bees
  5 wights
  An electric eel (Lair:5)
  5 howler monkeys
  7 crimson imps
  2 draconian simulacra (IceCv)
  5 jellies
  2 bullfrog skeletons
  A bullfrog zombie (D:5)
  12 orc priests
  7 hounds
  15 orc wizards
  Crazy Yiuf (D:3)
  2 centaur skeletons
  2 iguanas
  4 troll simulacra (IceCv)
  A spriggan simulacrum (IceCv)
  7 worker ants
  A hell rat (Lair:3)
  A wolf simulacrum (IceCv)
  2 centaur simulacra (IceCv)
  A hound skeleton (D:9)
  A mummy (D:8)
  2 gnolls
  20 adders
  A howler monkey skeleton (D:4)
  5 ogre simulacra (IceCv)
  2 naga simulacra (IceCv)
  3 shadow imps
  8 white imps (IceCv)
  An adder zombie (D:6)
  2 adder skeletons
  4 worms
  A dart slug (D:3)
  5 leopard geckos
  58 orcs
  2 ball pythons
  5 bats
  4 giant cockroaches
  5 goblins
  10 hobgoblins
  15 jackals
  19 kobolds
  6 quokkas
  5 frilled lizards
  A hobgoblin zombie (D:8)
  2 kobold zombies (D:8)
  A leopard gecko skeleton (D:4)
  An orc zombie (D:8)
  2 quokka zombies
  11 rats
  A butterfly (Lair:1)
  A fungus (D:9)
  3 plants
639 creatures vanquished.

Vanquished Creatures (collateral kills)
  A hydra (Lair:5)
  2 freezing wraiths (IceCv)
  A hippogriff (Lair:3)
  An eye of draining (D:4)
  A draconian simulacrum (IceCv)
  2 troll simulacra (IceCv)
  A naga simulacrum (IceCv)
  4 white imps (IceCv)
  A kobold (D:4)
14 creatures vanquished.

Vanquished Creatures (others)
  2 slaves (D:7)
  A centaur (D:11)
  A howler monkey (D:7)
  An adder (D:4)
  An orc (Orc:1)
  11 fungi
  10 plants
27 creatures vanquished.

Grand Total: 680 creatures vanquished

Notes
Turn   | Place    | Note
-------+----------+-------------------------------------------
     0 | D:1      | Melior the Gnoll Wizard began the quest for the Orb.
     0 | D:1      | Reached XP level 1. HP: 13/13 MP: 8/8
   478 | D:1      | Reached XP level 2. HP: 19/19 MP: 7/10
   979 | D:1      | Reached XP level 3. HP: 25/25 MP: 7/11
  1119 | D:1      | Learned a level 2 spell: Blink
  1122 | D:1      | Learned a level 2 spell: Call Imp
  1157 | D:2      | Reached skill level 1 in Invocations
  1170 | D:2      | Learned a level 3 spell: Conjure Flame
  1174 | D:2      | Learned a level 3 spell: Mephitic Cloud
  1294 | D:2      | Reached skill level 1 in Fighting
  1294 | D:2      | Reached skill level 1 in Short Blades
  1294 | D:2      | Reached skill level 1 in Long Blades
  1294 | D:2      | Reached skill level 1 in Axes
  1294 | D:2      | Reached skill level 1 in Maces & Flails
  1294 | D:2      | Reached skill level 1 in Polearms
  1294 | D:2      | Reached skill level 1 in Staves
  1294 | D:2      | Reached skill level 1 in Slings
  1294 | D:2      | Reached skill level 1 in Bows
  1294 | D:2      | Reached skill level 1 in Crossbows
  1294 | D:2      | Reached skill level 1 in Throwing
  1294 | D:2      | Reached skill level 1 in Armour
  1294 | D:2      | Reached skill level 1 in Shields
  1294 | D:2      | Reached skill level 1 in Unarmed Combat
  1294 | D:2      | Reached skill level 1 in Evocations
  1294 | D:2      | Reached XP level 4. HP: 32/32 MP: 2/13
  1850 | D:2      | Reached skill level 1 in Hexes
  1850 | D:2      | Reached skill level 1 in Charms
  1850 | D:2      | Reached skill level 1 in Necromancy
  1850 | D:2      | Reached skill level 1 in Transmutations
  1850 | D:2      | Reached skill level 1 in Fire Magic
  1850 | D:2      | Reached skill level 1 in Ice Magic
  1850 | D:2      | Reached skill level 1 in Air Magic
  1850 | D:2      | Reached skill level 1 in Earth Magic
  1850 | D:2      | Reached skill level 1 in Poison Magic
  2084 | D:2      | Found a faded altar of an unknown god.
  2162 | D:2      | Reached XP level 5. HP: 37/37 MP: 4/14
  2205 | D:3      | Found a runed translucent door.
  2206 | D:3      | Noticed Crazy Yiuf
  2289 | D:3      | Noticed a centaur
  2737 | D:3      | Found an opulent altar of Gozag.
  2769 | D:3      | Found a radiant altar of Vehumet.
  2781 | D:3      | Became a worshipper of Vehumet
  3155 | D:3      | Killed Crazy Yiuf
  3274 | D:3      | Reached XP level 6. HP: 44/44 MP: 8/16
  3470 | D:4      | Found an ornate altar of the Wu Jian Council.
  3490 | D:4      | Reached skill level 5 in Dodging
  3655 | D:4      | Found a burning altar of Makhleb.
  3682 | D:4      | Found a white marble altar of Elyvilon.
  3723 | D:4      | Found a bloodstained altar of Trog.
  3723 | D:4      | Noticed an eye of draining
  3750 | D:4      | Noticed an eye of draining
  3762 | D:4      | Killed an eye of draining
  3762 | D:4      | Reached XP level 7. HP: 50/50 MP: 0/18
  3909 | D:4      | Found a staircase to the Ecumenical Temple.
  4159 | D:4      | Reached skill level 5 in Stealth
  4547 | D:4      | Found a shadowy altar of Dithmenos.
  4601 | D:5      | Entered Level 5 of the Dungeon
  4731 | D:5      | Found Qerrus's Assorted Antiques.
  4804 | D:5      | Reached XP level 8. HP: 47/57 MP: 19/19
  4943 | D:5      | Noticed Blork the orc
  4954 | D:5      | Killed Blork the orc
  5368 | D:5      | Reached * piety under Vehumet
  5368 | D:5      | Offered knowledge of Flame Tongue by Vehumet.
  5713 | D:6      | Found an iron altar of Okawaru.
  5783 | D:6      | Reached skill level 8 in Spellcasting
  5848 | D:6      | Learned a level 3 spell: Regeneration
  6112 | D:6      | Noticed Dowan
  6164 | D:6      | Noticed Duvessa
  6172 | D:6      | Killed Dowan
  6199 | D:6      | Killed Duvessa
  6199 | D:6      | Reached XP level 9. HP: 48/65 MP: 3/21
  6880 | D:7      | Found Gybiokhlahiy's Antique Armour Boutique.
  6916 | D:7      | Reached ** piety under Vehumet
  6938 | D:7      | Offered knowledge of Freeze by Vehumet.
  6941 | D:7      | Noticed Pikel
  7022 | D:6      | Killed Pikel
  7376 | D:7      | Found a hazy altar of Hepliaklqana.
  7641 | D:7      | Noticed Harold
  7661 | D:7      | Reached skill level 5 in Invocations
  8317 | D:7      | Offered knowledge of Ignite Poison by Vehumet.
  8325 | D:7      | Learned a level 3 spell: Ignite Poison
  8432 | D:7      | Killed Harold
  8432 | D:7      | Reached XP level 10. HP: 26/73 MP: 4/22
  8627 | D:7      | Found an opulent altar of Gozag.
  8629 | D:7      | Found a hide-covered altar of Uskayaw.
  8629 | D:7      | Found a deep blue altar of Sif Muna.
  8631 | D:7      | Found a glowing silver altar of Zin.
  8631 | D:7      | Found a deep blue altar of Sif Muna.
  8631 | D:7      | Found a shimmering altar of Xom.
  8723 | D:8      | Found a glowing silver altar of Zin.
  8730 | D:8      | Reached skill level 5 in Fighting
  8730 | D:8      | Reached skill level 5 in Short Blades
  8730 | D:8      | Reached skill level 5 in Long Blades
  8730 | D:8      | Reached skill level 5 in Axes
  8730 | D:8      | Reached skill level 5 in Maces & Flails
  8730 | D:8      | Reached skill level 5 in Polearms
  8730 | D:8      | Reached skill level 5 in Staves
  8730 | D:8      | Reached skill level 5 in Slings
  8730 | D:8      | Reached skill level 5 in Bows
  8730 | D:8      | Reached skill level 5 in Crossbows
  8730 | D:8      | Reached skill level 5 in Throwing
  8730 | D:8      | Reached skill level 5 in Armour
  8730 | D:8      | Reached skill level 5 in Shields
  8730 | D:8      | Reached skill level 5 in Unarmed Combat
  8730 | D:8      | Reached skill level 5 in Evocations
  9066 | D:8      | Reached *** piety under Vehumet
  9097 | D:8      | Found a runed translucent gate.
  9097 | D:8      | Found a runed translucent gate.
  9104 | D:8      | Noticed Jabberih's ghost (novice MiBe)
  9105 | D:8      | Found a runed translucent gate.
  9105 | D:8      | Identified the cursed +1 trident "Diuwudgh" {flame, +Inv
                  | rF+ rC+}
  9107 | D:8      | Found a roughly hewn altar of Beogh.
  9243 | D:8      | Reached skill level 9 in Spellcasting
  9423 | D:8      | Noticed a cyclops
  9434 | D:8      | Killed a cyclops
  9434 | D:8      | Reached skill level 5 in Conjurations
  9434 | D:8      | Reached skill level 5 in Summonings
  9434 | D:8      | Reached skill level 5 in Translocations
  9670 | D:9      | Offered knowledge of Stone Arrow by Vehumet.
  9864 | D:9      | Found an ancient bone altar of Kikubaaqudgha.
  9879 | D:9      | Found a staircase to the Lair.
  9917 | D:9      | Got a brightly glowing war axe
  9918 | D:9      | Identified the +10 war axe of the Wraith {drain, +Rage
                  | rC+++ MR+ Dex+2} (You found it on level 9 of the Dungeon)
  9987 | D:9      | Learned a level 3 spell: Stone Arrow
 10098 | D:9      | Found Luacleyng's Magic Scroll Shop.
 10100 | D:9      | Reached **** piety under Vehumet
 10117 | D:9      | Learned a level 4 spell: Summon Lightning Spire
 10126 | D:9      | Bought a scroll of enchant armour for 82 gold pieces
 10126 | D:9      | Bought a scroll of fog for 22 gold pieces
 10126 | D:9      | Bought a scroll of teleportation for 33 gold pieces
 10250 | D:9      | Noticed a two-headed ogre
 10265 | D:9      | Killed a two-headed ogre
 10265 | D:9      | Reached XP level 11. HP: 81/81 MP: 5/24
 10372 | D:9      | Found Lyhe Yfecepn's General Store.
 10380 | D:9      | Bought a scroll of holy word for 82 gold pieces
 10435 | D:9      | Found a snail-covered altar of Cheibriados.
 10566 | D:9      | Found Geruckoh's Food Shop.
 10663 | D:10     | Entered Level 10 of the Dungeon
 10684 | D:10     | Offered knowledge of Irradiate by Vehumet.
 10767 | D:10     | Reached skill level 5 in Hexes
 10767 | D:10     | Reached skill level 5 in Charms
 10767 | D:10     | Reached skill level 5 in Necromancy
 10767 | D:10     | Reached skill level 5 in Transmutations
 10767 | D:10     | Reached skill level 5 in Fire Magic
 10767 | D:10     | Reached skill level 5 in Ice Magic
 10767 | D:10     | Reached skill level 5 in Air Magic
 10767 | D:10     | Reached skill level 5 in Earth Magic
 10767 | D:10     | Reached skill level 5 in Poison Magic
 11186 | Lair:1   | Entered Level 1 of the Lair of Beasts
 11269 | Lair:1   | Reached ***** piety under Vehumet
 11276 | Lair:1   | Offered knowledge of Orb of Destruction by Vehumet.
 11288 | Lair:1   | Learned a level 7 spell: Orb of Destruction
 12386 | Lair:2   | Found a hole to the Spider Nest.
 12511 | Lair:2   | Reached XP level 12. HP: 89/89 MP: 20/25
 13102 | Lair:3   | Reached skill level 10 in Spellcasting
 14194 | Lair:4   | Noticed a six-headed hydra
 14253 | Lair:3   | Killed a six-headed hydra
 14374 | Lair:4   | Reached XP level 13. HP: 61/98 MP: 23/27
 14854 | Lair:4   | Found a staircase to the Shoals.
 15406 | Lair:5   | Offered knowledge of Bolt of Magma by Vehumet.
 15783 | Lair:5   | Found a viscous altar of Jiyva.
 15783 | Lair:5   | Found a staircase to the Slime Pits.
 15819 | Lair:5   | Found a hazy altar of Hepliaklqana.
 16147 | Lair:5   | Reached skill level 11 in Spellcasting
 16842 | Lair:5   | Reached XP level 14. HP: 64/106 MP: 17/29
 17109 | Lair:6   | Entered Level 6 of the Lair of Beasts
 17222 | Lair:6   | Found a frozen archway.
 17225 | Lair:6   | Reached skill level 10 in Dodging
 17260 | IceCv    | Entered an ice cave
 17301 | IceCv    | Offered knowledge of Freezing Cloud by Vehumet.
 18018 | IceCv    | Reached skill level 10 in Stealth
 18023 | IceCv    | Found an ancient bone altar of Kikubaaqudgha.
 18854 | Lair:6   | Reached skill level 10 in Invocations
 19304 | Lair:6   | Noticed a dire elephant
 19304 | Lair:6   | Noticed a dire elephant
 19322 | Lair:6   | Killed a dire elephant
 19326 | Lair:6   | Killed a dire elephant
 19348 | Lair:6   | Noticed a dire elephant
 19381 | Lair:6   | Noticed a dire elephant
 19409 | Lair:6   | Noticed a dire elephant
 19583 | Lair:6   | Killed a dire elephant
 19599 | Lair:6   | Killed a dire elephant
 19732 | Lair:6   | Killed a dire elephant
 20200 | D:7      | Killed Jabberih's ghost
 20377 | D:11     | Found Ziaghi's Book Emporium.
 20472 | D:11     | Noticed Urug
 20488 | D:11     | Killed Urug
 20557 | D:11     | Identified the Reference Book on Transformation and the
                  | Entourage
 21368 | D:12     | Found Ofel's Antique Armour Shop.
 21500 | D:12     | Reached XP level 15. HP: 106/114 MP: 30/30
 21560 | D:12     | Noticed Kirke
 21576 | D:12     | Killed Kirke
 21630 | D:12     | Reached ****** piety under Vehumet
 21647 | D:12     | Offered knowledge of Conjure Ball Lightning by Vehumet.
 21763 | D:12     | Found a staircase to the Orcish Mines.
 21842 | Orc:1    | Entered Level 1 of the Orcish Mines
 21868 | D:12     | Learned a level 5 spell: Fireball
 21928 | Orc:1    | Paralysed by an orc sorcerer for 6 turns
 21933 | Orc:1    | HP: 5/115 [sun demon[an orc sorcerer] (16)]
 21934 | Orc:1    | Mangled by a sun demon

Skill      XL: |  1  2  3  4  5  6  7  8  9 10 11 12 13 14 |
---------------+-------------------------------------------+-----
Conjurations   | 2 3 4 5 6 7 8 |  8.4
Summonings     | 2 3 4 5 6 7 8 |  8.4
Translocations | 2 3 4 5 6 7 8 |  8.4
Invocations    | 1 2 3 4 5 6 7 8 9 10 | 10.5
Fighting       | 1 2 3 4 5 6 7 8 9 |  9.7
Short Blades   | 1 2 3 4 5 6 7 8 9 |  9.7
Long Blades    | 1 2 3 4 5 6 7 8 9 |  9.7
Axes           | 1 2 3 4 5 6 7 8 9 |  9.7
Maces & Flails | 1 2 3 4 5 6 7 8 9 |  9.7
Polearms       | 1 2 3 4 5 6 7 8 9 |  9.7
Staves         | 1 2 3 4 5 6 7 8 9 |  9.7
Slings         | 1 2 3 4 5 6 7 8 9 |  9.7
Bows           | 1 2 3 4 5 6 7 8 9 |  9.7
Crossbows      | 1 2 3 4 5 6 7 8 9 |  9.7
Throwing       | 1 2 3 4 5 6 7 8 9 |  9.7
Armour         | 1 2 3 4 5 6 7 8 9 |  9.7
Shields        | 1 2 3 4 5 6 7 8 9 |  9.7
Unarmed Combat | 1 2 3 4 5 6 7 8 9 |  9.7
Evocations     | 1 2 3 4 5 6 7 8 9 |  9.7
Hexes          | 1 2 3 4 5 6 7 8 |  8.1
Charms         | 1 2 3 4 5 6 7 8 |  8.1
Necromancy     | 1 2 3 4 5 6 7 8 |  8.1
Transmutations | 1 2 3 4 5 6 7 8 |  8.1
Fire Magic     | 1 2 3 4 5 6 7 8 |  8.1
Ice Magic      | 1 2 3 4 5 6 7 8 |  8.7
Air Magic      | 1 2 3 4 5 6 7 8 |  8.1
Earth Magic    | 1 2 3 4 5 6 7 8 |  8.1
Poison Magic   | 1 2 3 4 5 6 7 8 |  8.1
Dodging        | 5 6 7 8 9 10 | 10.6
Stealth        | 5 6 7 8 9 10 | 10.5
Spellcasting   | 8 9 10 11 | 11.8

Action                   |  1- 3 |  4- 6 |  7- 9 | 10-12 | 13-15 || total
-------------------------+-------+-------+-------+-------+-------++-------
Melee: Short sword       |    12 |    48 |       |       |       ||    60
       Bite              |     1 |    11 |    39 |    33 |    68 ||   152
       Whip              |       |    37 |   134 |       |       ||   171
       Falchion          |       |       |    24 |       |       ||    24
       Spear             |       |       |   181 |   115 |       ||   296
       Punch             |       |       |     2 |     1 |     5 ||     8
       War axe           |       |       |       |   252 |   487 ||   739
Throw: Javelin           |       |       |     1 |       |       ||     1
 Cast: Magic Dart        |    60 |   117 |   211 |    86 |       ||   474
       Mephitic Cloud    |     2 |    13 |    47 |    40 |    40 ||   142
       Blink             |       |     1 |     3 |     2 |    35 ||    41
       Call Imp          |       |     2 |       |       |       ||     2
       Conjure Flame     |       |       |     6 |     2 |       ||     8
       Regeneration      |       |       |     2 |    10 |    13 ||    25
       Ignite Poison     |       |       |     1 |    12 |    16 ||    29
       Stone Arrow       |       |       |       |   134 |   265 ||   399
       Summon Lightning  |       |       |       |       |     5 ||     5
Evoke: Lightning rod     |       |       |       |     1 |     1 ||     2
       Wand              |       |       |       |       |    17 ||    17
  Use: Scroll            |       |       |     3 |    15 |    12 ||    30
       Potion            |       |       |       |       |     1 ||     1
 Stab: Confused          |     1 |     3 |    18 |    25 |    11 ||    58
       Distracted        |       |     2 |       |       |     1 ||     3
       Sleeping          |       |       |     2 |     4 |     6 ||    12
  Eat: Chunk             |     1 |     8 |    15 |    19 |    19 ||    62
       Ration            |       |       |       |       |     2 ||     2
Armor: Robe              |     5 |     7 |       |       |       ||    12
       Leather armour    |       |       |    37 |     7 |       ||    44
       Ring mail         |       |       |       |    46 |       ||    46
       Steam dragon scal |       |       |       |    23 |   172 ||   195
Dodge: Dodged            |    17 |    36 |   119 |   286 |   589 ||  1047
Block: Buckler           |       |       |       |       |    69 ||    69
       Rpst.: Falchion   |       |       |     6 |       |       ||     6
